 Dungeon Crawl Stone Soup version 0.19.5 (webtiles) character file.

2 tidbits the Charmwright (level 1, 0/14 HPs)
             Began as a High Elf Skald on Nov 9, 2017.
             Slain by a hobgoblin
             ... wielding a +0 club
              (3 damage)
             ... on level 1 of the Dungeon.
             The game lasted 00:00:49 (63 turns).

tidbits the Charmwright (High Elf Skald)              Turns: 63, Time: 00:00:50

Health: 0/14       AC:  3    Str: 11    XL:     1   Next: 25%
Magic:  3/5        EV: 11    Int: 15    God:
Gold:   13         SH:  0    Dex: 14    Spells: 1 memorised, 4 levels left

rFire  . . .     SeeInvis .     a - +0 falchion
rCold  . . .     Gourm    .     b - +0 leather armour
rNeg   . . .     Faith    .     (no shield)
rPois  .         Spirit   .     (no helmet)
rElec  .         Reflect  .     (no cloak)
rCorr  .         Harm     .     (no gloves)
MR     .....                    (no boots)
Stlth  +.........               (no amulet)
                                (no ring)
                                (no ring)

@: infused
A: no striking features
a: no special abilities


You were on level 1 of the Dungeon.
You were not hungry.

You visited 1 branch of the dungeon, and saw 1 of its levels.

You collected 13 gold pieces.

Inventory:

Hand Weapons
 a - a +0 falchion (weapon)
Missiles
 e - a throwing net (quivered) {!f}
Armour
 b - a +0 leather armour (worn)
Scrolls
 f - a scroll of teleportation {unknown}
Books
 c - a book of Battle

   Spells                             Type                      Level
   a - Infusion                       Charms                       1
   b - Shroud of Golubria             Charms/Translocation         2
   c - Song of Slaying                Charms                       2
   d - Spectral Weapon                Hexes/Charms                 3
   e - Regeneration                   Charms/Necromancy            3
Comestibles
 d - a bread ration


   Skills:
 - Level 2.0 Fighting
 + Level 2.6 Long Blades
 - Level 0.8 Armour
 - Level 1.1 Dodging
 - Level 2.5 Spellcasting
 - Level 3.6 Charms


You had 4 spell levels left.
You knew the following spells:

 Your Spells              Type           Power        Failure   Level  Hunger
i - Infusion              Chrm           ##..         10%         1    #......


Dungeon Overview and Level Annotations

Branches:
Dungeon (1/15)

Altars:


Message History

Welcome, tidbits the High Elf Skald.
It is said that the Orb of Zot exists deep within this dungeon.
Press ? for a list of commands and other information.
Found a staircase leading out of the dungeon.
You open the door.
There is an open door here.
As you open the door, it creaks loudly!
You open the door.
There is an open door here.
As you open the door, it creaks loudly!
Found 13 gold pieces.
There is an open door here.
You now have 13 gold pieces.
Found a throwing net.
A kobold comes into view. It is wielding a whip.
The kobold shouts!
Found a scroll labeled GAMULE GIFI.
Casting: Infusion
Confirm with . or Enter, or press ? or * to list all spells.
You begin infusing your attacks with magical energy.
The kobold barely misses you.
Found a short sword.
You barely miss the kobold. The kobold hits you with a whip.
A hobgoblin comes into view. It is wielding a club.
The hobgoblin shouts!
You hit the kobold.
You kill the kobold!
You see here a throwing net {!f}.
e - a throwing net {!f} You closely miss the hobgoblin.
The hobgoblin hits you but does no damage.
You barely miss the hobgoblin. The hobgoblin hits you with a club.
You barely miss the hobgoblin.
Your magical infusion is running out.
The hobgoblin hits you with a club.
* * * LOW HITPOINT WARNING * * *
You hit the hobgoblin!
You kill the hobgoblin!
Things that are here:
a club; a hobgoblin corpse Wield which item (- for none, * to show all)? (? for menu, Esc to quit)
c - a book of Battle (in hand)
You swing at nothing.
You swing at nothing.
You are no longer magically infusing your attacks.
Found a scroll labeled TIAT TUYPT.
f - a scroll labeled GAMULE GIFI You swing at nothing.
You swing at nothing.
You swing at nothing.
You swing at nothing.
You swing at nothing.
You swing at nothing.
You swing at nothing.
You swing at nothing.
You swing at nothing.
You swing at nothing.
You swing at nothing.
Wield which item (- for none, * to show all)? (? for menu, Esc to quit)
a - a +0 falchion (weapon)
A hobgoblin comes into view. It is wielding a club.
The hobgoblin shouts!
Found 9 gold pieces.
Casting: Infusion
Confirm with . or Enter, or press ? or * to list all spells.
You begin infusing your attacks with magical energy.
A bat comes into view.
A kobold comes into view. It is wielding a dagger.
You barely miss the hobgoblin.
The kobold shouts!
You hear a shout! x3
The hobgoblin hits you with a club.
* * * LOW HITPOINT WARNING * * *
The bat misses you.
You riposte.
You barely miss the bat. You hit the hobgoblin.
The hobgoblin is moderately wounded.
The bat barely misses you. The hobgoblin hits you with a club.
You die...

.#.. #.##..
#.....#.#..
$.#...#.#.#
......#.#.#
...b...g #..#.?#
#...gK# #...@.#
#.##....#
#.......#
#####...######
#......... . #
#...#.#### .. #.
#...#....
..##.##...# .##
.
..).......#..###


You could see a hobgoblin, a goblin, a bat and a kobold.

Vanquished Creatures
  A hobgoblin (D:1)
  A kobold (D:1)
2 creatures vanquished.

Notes
Turn   | Place    | Note
-------+----------+-------------------------------------------
     0 | D:1      | tidbits the High Elf Skald began the quest for the Orb.
     0 | D:1      | Reached XP level 1. HP: 14/14 MP: 4/4
    63 | D:1      | Slain by a hobgoblin

Action                   || total
-------------------------++-------
Melee: Falchion          ||     8
 Cast: Infusion          ||     2
Dodge: Dodged            ||     3
       Rpst.: Falchion   ||     1

Table legend:
 A = Turns spent in this place as a percentage of turns spent in the entire game.
 B = Non-inter-level travel turns spent in this place as a percentage of non-inter-level travel turns spent in the entire game.
 C = Inter-level travel turns spent in this place as a percentage of turns spent in this place.
 D = Turns resting spent in this place as a percentage of non-inter-level travel turns spent in this place.
 E = Turns spent auto-exploring this place as a percentage of non-inter-level travel turns spent in this place.
 F = Non-inter-level travel turns spent in this place divided by the number of levels of this place that you've seen.
                   A       B       C       D       E      F
               +-------+-------+-------+-------+-------+----------------------
         Total | 100.0 | 100.0 |   0.0 |   0.0 |   0.0 |  76.0
       Dungeon | 100.0 | 100.0 |   0.0 |   0.0 |   0.0 |  76.0
               +-------+-------+-------+-------+-------+----------------------

Table legend:
 A = Kills in this place as a percentage of kills in entire the game.
 B = Kills by you in this place as a percentage of kills by you in the entire game.
 C = Kills by friends in this place as a percentage of kills by friends in the entire game.
 D = Other kills in this place as a percentage of other kills in the entire game.
 E = Experience gained in this place as a percentage of experience gained in the entire game.
 F = Experience gained in this place divided by the number of levels of this place that you have seen.
                   A       B       C       D       E      F
               +-------+-------+-------+-------+-------+----------------------
         Total | 100.0 | 100.0 |  -nan |  -nan | 100.0 |   3.0
       Dungeon | 100.0 | 100.0 |  -nan |  -nan | 100.0 |   3.0
               +-------+-------+-------+-------+-------+----------------------

Vault maps used:
D:1:      erik_arrival_triangle_medium, minmay_misc_feat_diagonals,
          minmay_heptomino_w4
